 Dungeon Crawl Stone Soup version 0.30.1 (webtiles) character file.

Game seed: 7089612262217865707

14 7w4c the Firebug (level 2, -2/21 HPs)
             Began as a Human Wanderer on July 5, 2023.
             Succumbed to a goblin's poison
             ... on level 1 of the Dungeon.
             The game lasted 00:01:38 (352 turns).

7w4c the Firebug (Human Wanderer)                    Turns: 352, Time: 00:01:38

Health: -2/21      AC:  3    Str:  9    XL:     2   Next: 60%
Magic:  3/3        EV: 11    Int: 11    God:
Gold:   0          SH:  0    Dex: 16    Spells: 2/3 levels left

rFire   . . .        a - +0 dagger
rCold   . . .        (no shield)
rNeg    . . .        d - +0 robe
rPois   .            b - +0 helmet
rElec   .            (no cloak)
rCorr   .            (no gloves)
SInv    .            (no boots)
Will    .....        (no amulet)
Stlth   ++           (no ring)
HPRegen 0.23/turn    (no ring)
MPRegen 0.08/turn

%: no passive effects
@: lethally poisoned (-2 -> -11)
A: no striking features
a: no special abilities


You were on level 1 of the Dungeon.
You visited 1 branch of the dungeon, and saw 1 of its levels.

Inventory:

Hand Weapons
 a - a +0 dagger (weapon)
Armour
 b - a +0 helmet (worn)
 d - a +0 robe (worn)
Scrolls
 c - a scroll of fog
 e - 2 scrolls of vulnerability


   Skills:
 + Level 1.0 Fighting
 + Level 1.2 Throwing
 + Level 1.0 Stealth
 + Level 1.0 Unarmed Combat
 + Level 1.0 Spellcasting
 + Level 0.2 Conjurations
 + Level 5.4 Fire Magic


You had 2 spell levels left.
You knew the following spells:

 Your Spells              Type           Power      Damage    Failure   Level
a - Foxfire               Conj/Fire      24%        2x1d5     11%         1

Your spell library contained the following spells:

 Spells                   Type           Power      Damage    Failure   Level
 Inner Flame              Hex/Fire       6%         N/A       32%         3
 Ignite Poison            Fire/Tmut/Pois 4%         N/A       43%         3


Dungeon Overview and Level Annotations

Branches:
Dungeon (1/15)

Altars:


Message History

Your surroundings suddenly seem different.
There is a stone staircase leading down here.
A frilled lizard comes into view.
The frilled lizard hisses angrily.
A goblin comes into view. It is wielding a +1 dagger of venom.
Found 11 gold pieces.
The goblin shouts!
You hear a shout!
You hear an angry hiss.
The frilled lizard barely misses you.
You hear a shout!
You closely miss the frilled lizard. The frilled lizard bites you.
You hit the frilled lizard.
You kill the frilled lizard!
You hit the goblin.
The goblin is moderately wounded.
The goblin hits you with a +1 dagger of venom.
You are poisoned.
You hit the goblin.
The goblin is severely wounded.
You feel very sick. The goblin barely misses you.
You closely miss the goblin.
The goblin is heavily wounded.
You feel very sick.
The goblin hits you with a +1 dagger of venom.
You are lethally poisoned!
You hit the goblin.
You kill the goblin!
* * * LOW HITPOINT WARNING * * *
You feel very sick.
Found a smoky brown potion.
* * * LOW HITPOINT WARNING * * *
You feel very sick.
Things that are here:
a +1 dagger of venom; a goblin corpse; a frilled lizard corpse
* * * LOW HITPOINT WARNING * * *
You feel very sick.
As you read the scroll labelled JIEXUY PUINEHI, it crumbles to dust.
It is a scroll of identify.
You don't currently have any unidentified items.
You die...

#...... #
#..$.. #.
#..... !.
+....
#.#....
....# #..#
#.@# #..#
#..# #..#
########
#####.#
#......#
#.....#
#......#
#.#####
#......####
###.#
#......'...
#.#.#
#......###.


There were no monsters in sight!

Vanquished Creatures
  A dart slug (D:1)
  3 ball pythons (D:1)
  A goblin (D:1)
  2 hobgoblins (D:1)
  A kobold (D:1)
  A quokka (D:1)
  A bat (D:1)
  A frilled lizard (D:1)
  A rat (D:1)
12 creatures vanquished.

Vanquished Creatures (others)
  5 foxfires (D:1)
5 creatures vanquished.

Grand Total: 17 creatures vanquished

Notes
Turn   | Place    | Note
-------+----------+-------------------------------------------
     0 | D:1      | 7w4c the Human Wanderer began the quest for the Orb.
     0 | D:1      | 7w4c set off with the following items: a +0 dagger, a +0
                  | helmet, a scroll of fog, a +0 robe, a scroll of
                  | vulnerability; and the following spell memorised: Foxfire;
                  | and the following spells available to memorise: Inner
                  | Flame, Ignite Poison.
     0 | D:1      | Reached XP level 1. HP: 15/15 MP: 2/2
    53 | D:1      | Reached XP level 2. HP: 20/21 MP: 1/3
   351 | D:1      | HP: 1/21 [poisoned by a goblin]
   352 | D:1      | Succumbed to a goblin's poison

Illustrated notes

Levels and vault maps discovered:
D:1:      mrwooster_arrival_statue, layout_basic, serial_shops,
          nicolae_shop_pleasant_corner_grove

Action                     || total
---------------------------++-------
  Melee: Dagger            ||    39
         Punch             ||     2
   Cast: Foxfire           ||     3
    Use: Scroll            ||     2
 Armour: Robe              ||    15
  Dodge: Dodged            ||    27
